cohdb
Replays
Latest Replays
All Replays
Popular Replays
Top Player Replays
Match Explorer
How It Works
Community
CoH3 Stats
Reddit
Sign in to upload your games and track your stats! →
Sign in with Steam
Match 44917069
Unlisted
Match 44917069
Overview
Messages
Build Orders
End
Kettenkrad Recon Vehicle
Construct Infanterie Kompanie
Grenadier Squad
Grenadier Squad
Grenadier Squad
MG 42 Machine Gun Team
GrW 34 Mortar Team
Medical Station
Grenadier Squad
Construct Luftwaffe Kompanie
Support Elements
Wirbelwind Flakpanzer
Selects Breakthrough Battlegroup
Selects Assault Grenadiers
Selects Breakthrough
Selects Incendiary Bombing Run
Incendiary Bombing Run
Breakthrough
Grenadier Squad
Construct Panzer Kompanie
Selects Rapid Production
Breakthrough
Incendiary Bombing Run
Pioneer Squad
Pioneer Squad
Sturmpanzer IV Brummbär
Incendiary Bombing Run
Sturmpanzer IV Brummbär
Incendiary Bombing Run
Selects Blitzkrieg
Selects Tiger Heavy Tank
Side Skirts
Blitzkrieg
Incendiary Bombing Run
Dario
MOMO
lplp4943718
ayyyyyy
Leo Nev
山有木兮木有枝
阿7
kurt0113
0
0
Comments
sign in to comment!
No comments posted yet!